 Dungeon Crawl Stone Soup version 0.20-a0-971-g5896763 (webtiles) character file.

3773 Hybris the Spear-Bearer (level 10, -2/109 HPs)
             Began as an Ogre Gladiator on Apr 8, 2017.
             Was a Priest of Makhleb.
             Killed by the air
             ... invoked by Gastronok
              (23 damage)
             ... on level 9 of the Dungeon.
             The game lasted 00:18:23 (8138 turns).

Hybris the Spear-Bearer (Ogre Gladiator)            Turns: 8138, Time: 00:18:24

Health: -2/109     AC:  5    Str: 23    XL:     10   Next: 16%
Magic:  12/12      EV: 12    Int: 15    God:    Makhleb [***...]
Gold:   439        SH:  0    Dex: 10    Spells: 7/9 levels left

rFire    . . .     SeeInvis .   C - +5 scythe (slice)
rCold    + . .     Gourm    .   (shield currently unavailable)
rNeg     . . .     Faith    .   b - +0 robe
rPois    .         Spirit   .   c - +1 hat
rElec    .         Reflect  .   K - +0 cloak (curse)
rCorr    .         Harm     .   (gloves unavailable)
MR       +....                  (boots unavailable)
Stlth    +.........             p - amulet of regeneration
Regen    0.7/turn               u - ring of protection from cold
MPRegen  0.2/turn               N - +6 ring of intelligence

@: hasted and slowed
A: unfitting armour, tough skin 1
a: Minor Destruction, Lesser Servant of Makhleb, Renounce Religion


You were on level 9 of the Dungeon.
You worshipped Makhleb.
Makhleb was most pleased with you.
You were not hungry.

You visited 2 branches of the dungeon, and saw 10 of its levels.

You collected 439 gold pieces.

Inventory:

Hand Weapons
 C - a +5 scythe of slicing (weapon)
Missiles
 d - 2 throwing nets (quivered)
 G - 2 tomahawks
 I - 12 javelins
Armour
 b - a +0 robe (worn)
 c - a +1 hat (worn)
 K - a cursed +0 cloak (worn)
Jewellery
 p - an amulet of regeneration (around neck)
 u - a ring of protection from cold (left hand)
 N - a +6 ring of intelligence (right hand)
Wands
 t - a wand of paralysis (15/24)
 y - a wand of acid (6/15)
 H - a wand of random effects (26/48)
 J - a wand of iceblast (10/15)
 P - a wand of iceblast (5/15)
Scrolls
 e - 2 scrolls of enchant weapon
 g - 5 scrolls of identify
 i - a scroll of amnesia
 j - 5 scrolls of teleportation
 k - 2 scrolls of remove curse
 l - a scroll of fog
 o - a scroll of magic mapping
 s - 3 scrolls of blinking
 E - a scroll of fear {unknown}
 M - a scroll of recharging {unknown}
Potions
 n - a potion of invisibility
 v - 2 potions of mutation
 x - a potion of brilliance
 z - 5 potions of curing
 A - a potion of resistance {unknown}
 F - 2 potions of might {unknown}
 L - a potion of berserk rage {unknown}
 O - a potion of agility {unknown}
 Q - 2 potions of flight {unknown}
Books
 m - a book of Maledictions

   Spells                             Type                      Level
   a - Corona                         Hexes                        1
   b - Ensorcelled Hibernation        Hexes/Ice                    2
   c - Confuse                        Hexes                        3
   d - Tukima's Dance                 Hexes                        3
   e - Dazzling Spray                 Conjuration/Hexes            3
Comestibles
 a - 2 royal jellies
 f - 7 bread rations
 h - 5 fruits
 q - 6 meat rations


   Skills:
 + Level 9.7 Fighting
 * Level 10.4 Polearms
 - Level 2.0 Throwing
 - Level 6.5 Dodging
 + Level 3.2 Invocations


You had 7 spell levels left.
You knew the following spells:

 Your Spells              Type           Power        Failure   Level  Hunger
a - Ensorcelled Hibernat  Hex/Ice        #.....       38%         2    ###....


Dungeon Overview and Level Annotations

Branches:
Dungeon (9/15)             Temple (1/1) D:4
   Lair: D:8-11         Orc: D:9-12

Altars:
Ashenzari
Cheibriados
Dithmenos
Elyvilon
Fedhas
Hepliaklqana
Kikubaaqudgha
Makhleb
Nemelex Xobeh
Qazlal
Ru
Trog
Uskayaw
Vehumet
Wu Jian
Xom
Yredelemnul
Zin
The Shining One
Lugonu

Annotations:
D:9 Gastronok


Innate Abilities, Weirdness & Mutations

You are too large for most types of armour.
You have tough skin. (AC +1)


Message History

The polar bear claws you but does no damage.
Gastronok chants a spell, wobbling all the while.
Your skin takes on a slight green cast.
The polar bear bites you. The polar bear barely misses you.
The polar bear claws you but does no damage.
Gastronok wobbles crazily.
You feel yourself speed up. The polar bear bites you!
The polar bear barely misses you. x2
You hit the polar bear but do no damage.
The polar bear is moderately wounded.
The polar bear bites you! The polar bear barely misses you.
The polar bear misses you. The polar bear bites you!
* * * LOW HITPOINT WARNING * * *
The polar bear claws you.
* * * LOW HITPOINT WARNING * * *
The polar bear claws you.
* * * LOW HITPOINT WARNING * * *
Gastronok waves his eye-stalks in wide circles.
The air twists around and strikes you!
You die...

#### #..# #..# #..# #..# #..#
############..###############
.............w.h@...<.......#
.............################
...?.........# ..........w..#
.............# .............#
...####.####.# #≈≈≈.≈≈≈#.#
#≈....≈≈#.#


You could see Gastronok and a polar bear.

Vanquished Creatures
  Joseph (D:8)
  2 hippogriffs (D:8)
  Sigmund (D:5)
  Menkaure (D:4)
  A water moccasin (D:6)
  An orc warrior (D:7)
  3 ice beasts
  A sky beast (D:5)
  An ogre (D:7)
  3 phantoms
  A necrophage (D:7)
  2 centaurs
  4 bullfrogs
  2 scorpions
  4 wights (D:6)
  2 crimson imps
  A jelly (D:4)
  An iron imp (D:8)
  3 bullfrog skeletons
  4 orc priests
  2 centaur skeletons
  2 hounds
  An iguana (D:4)
  8 orc wizards
  Terence (D:2)
  4 worker ants
  A centaur simulacrum (D:9)
  A hound zombie (D:8)
  2 hound skeletons (D:4)
  4 gnolls (D:5)
  A howler monkey skeleton (D:4)
  7 adders
  A shadow imp (D:7)
  A white imp (D:9)
  An ooze (D:1)
  An adder zombie (D:5)
  An adder skeleton (D:5)
  10 leopard geckos
  15 orcs
  7 giant cockroaches
  8 goblins
  13 hobgoblins
  13 jackals
  2 ball pythons
  A ball python skeleton (D:4)
  8 bats
  4 frilled lizards
  6 kobolds
  A leopard gecko zombie (D:5)
  A quokka skeleton (D:9)
  6 rats
173 creatures vanquished.

Notes
Turn   | Place    | Note
-------+----------+-------------------------------------------
     0 | D:1      | Hybris the Ogre Gladiator began the quest for the Orb.
     0 | D:1      | Reached XP level 1. HP: 22/22 MP: 1/1
    92 | D:1      | Reached XP level 2. HP: 14/31 MP: 2/2
   462 | D:1      | Reached XP level 3. HP: 32/37 MP: 3/3
   671 | D:2      | Found a bloodstained altar of Trog.
   715 | D:2      | HP: 1/39 [hobgoblin (4)]
  1064 | D:2      | Found a shadowy altar of Dithmenos.
  1197 | D:2      | Noticed Terence
  1515 | D:2      | Killed Terence
  1515 | D:2      | Reached skill level 4 in Polearms
  1515 | D:2      | Reached XP level 4. HP: 36/48 MP: 4/4
  1870 | D:3      | Found a glowing golden altar of the Shining One.
  2010 | D:3      | Reached XP level 5. HP: 54/54 MP: 5/5
  2922 | D:4      | Noticed a phantom
  2935 | D:4      | Killed a phantom
  2935 | D:4      | Reached XP level 6. HP: 31/65 MP: 6/6
  3108 | D:4      | Found a staircase to the Ecumenical Temple.
  3115 | D:4      | Reached skill level 5 in Fighting
  3115 | D:4      | Reached skill level 5 in Polearms
  3131 | Temple   | Entered the Ecumenical Temple
  3189 | Temple   | Became a worshipper of Makhleb the Destroyer
  3222 | D:4      | Found a shattered altar of Ashenzari.
  3372 | D:4      | Found a stormy altar of Qazlal.
  3668 | D:5      | Entered Level 5 of the Dungeon
  3820 | D:4      | Reached XP level 7. HP: 19/72 MP: 7/7
  4020 | D:4      | Reached skill level 6 in Polearms
  4151 | D:4      | Noticed Menkaure
  4163 | D:4      | Killed Menkaure
  4221 | D:4      | Reached * piety under Makhleb
  4437 | D:5      | Reached XP level 8. HP: 58/84 MP: 8/8
  4520 | D:5      | Reached skill level 5 in Dodging
  4660 | D:5      | Reached skill level 7 in Polearms
  4940 | D:5      | Noticed Sigmund
  5212 | D:5      | Killed Sigmund
  5721 | D:6      | Reached skill level 8 in Polearms
  5798 | D:6      | Reached ** piety under Makhleb
  5863 | D:6      | Found an ornate altar of the Wu Jian Council.
  6078 | D:6      | Reached XP level 9. HP: 47/96 MP: 9/9
  6549 | D:7      | Found a hazy altar of Hepliaklqana.
  6600 | D:7      | Reached skill level 9 in Polearms
  6637 | D:7      | Found a glowing silver altar of Zin.
  6637 | D:7      | Noticed an angel
  6639 | D:7      | Found a shimmering altar of Xom.
  6666 | D:7      | Found a white marble altar of Elyvilon.
  6834 | D:7      | Found a sacrificial altar of Ru.
  7297 | D:8      | Reached skill level 1 in Invocations
  7362 | D:8      | Found a snail-covered altar of Cheibriados.
  7362 | D:8      | Noticed Joseph
  7577 | D:8      | Reached skill level 10 in Polearms
  7749 | D:8      | Reached XP level 10. HP: 62/107 MP: 11/11
  7755 | D:8      | Killed Joseph
  7859 | D:8      | Learned a level 2 spell: Ensorcelled Hibernation
  7917 | D:8      | Reached *** piety under Makhleb
  8114 | D:9      | Noticed Gastronok
  8138 | D:9      | Killed from afar by Gastronok

Vault maps used:
D:1:      dpeg_arrival_water_temple_mockup
D:2:      grunt_dithmenos_smoke, serial_bayou_pond_a, minivault_19,
          trog_hazing_becter, uniq_terence
D:3:      nicolae_tso_carved_into_rock, first_bread
D:4:      grunt_qazlal_clouds, old_standard_altar,
          minmay_temple_entry_butterflies, uniq_menkaure
D:5:      uniq_sigmund
D:6:      nicolae_overflow_crystal_walls
D:7:      grunt_temple_overflow_order_and_chaos_1, old_standard_altar,
          lemuel_coloured_pillars_altar, lemuel_crystal_altar
D:8:      slow_altar_2, uniq_joseph
D:9:      marbit_many_paths, chequers_temple_overflow_statue_of_worship,
          david_orc_2, serial_ice, serial_ice_k, serial_ice_c, serial_ice_n,
          serial_ice_e, serial_ice_h, serial_ice_m, uniq_gastronok
Temple:   corrupted_temple

Skill      XL: |  1  2  3  4  5  6  7  8  9 10 |
---------------+-------------------------------+-----
Fighting       | 3 4 5 6 7 9 |  9.7
Dodging        | 3 4 5 6 |  6.5
Polearms       | 4 5 6 8 10 | 10.4
Invocations    | 2 3 |  3.2
Throwing       | |  2.0

Action                   |  1- 3 |  4- 6 |  7- 9 | 10-12 || total
-------------------------+-------+-------+-------+-------++-------
Melee: Trident           |   162 |   145 |   155 |       ||   462
       Scythe            |       |       |   202 |    23 ||   225
Throw: Throwing net      |       |     2 |       |       ||     2
Invok: Minor Destruction |       |       |     1 |       ||     1
  Use: Potion            |     1 |       |     2 |     2 ||     5
       Scroll            |       |       |    14 |     2 ||    16
 Stab: Sleeping          |     2 |       |     1 |       ||     3
       Distracted        |       |     1 |       |       ||     1
  Eat: Chunk             |     2 |     5 |    14 |     1 ||    22
       Royal jelly       |       |     1 |       |       ||     1
Armor: Robe              |    35 |    25 |    69 |    11 ||   140
Dodge: Dodged            |    95 |    70 |   243 |    20 ||   428
